 Dungeon Sprint DCSS version 0.28-a0-1389-gc726bef33b (webtiles) character file.

Game seed: 11622755196312927549

525974 HallandMoats the End of an Era (level 21, 183/183 HPs)
             Began as an Octopode Monk on Jan 4, 2022.
             Was the Champion of Qazlal.
             Escaped with the Orb!
             The game lasted 00:38:18 (11503 turns).

HallandMoats the End of an Era (Octopode Monk)     Turns: 11503, Time: 00:38:18

Health: 183/183    AC:  5    Str: 23    XL:     21   Next: 0%
Magic:  47/47      EV: 41    Int: 19    God:    Qazlal [******]
Gold:   0          SH: 54    Dex: 24    Spells: 64/64 levels left

rFire   + . .      SeeInvis +   y - +14 obsidian axe {vorpal, Mesm Drain Fly SInv}
rCold   + . .      Faith    .   z - +18 shield of the Gong {rElec rN+ Will+ EV-5}
rNeg    + + +      Spirit   +   (helmet restricted)
rPois   +          Reflect  .   B - brooch of Shielding {Spirit SH+8}
rElec   +          Harm     .   N - ring "Zajug" {rF+ EV+4}
rCorr   +          Rampage  .   F - ring of Tuvvu {rC+ Int+2 SInv}
Will    +++++      NoTele   +   C - ring of Ponady {Will+ Int+5 Dex-3 Slay+5}
Stlth   +.........              G - ring of Okipudde {rN+ AC+4}
HPRegen 0.40/turn               m - ring "Sufen" {rF- Will+ rCorr Dex+4}
MPRegen 0.30/turn               Q - ring of Wishful Thinking {rN+ Will+}
                                K - ring of the Five Leylines {rPois Str+6 Slay+6 Stlth+}
                                a - ring "Gaohixeluh" {rF+ EV+4 Dex+4 SInv}

@: flying, studying 6 skills, repel missiles
A: almost no armour, amphibious, 8 rings, camouflage 1, gelatinous body 1,
(nimble swimmer 1), tentacles
0: Orb of Zot
a: Renounce Religion, Upheaval, Elemental Force, Disaster Area


You escaped.
You worshipped Qazlal.
Qazlal was exalted by your worship.
You visited 1 branch

Inventory:

Hand Weapons
 y - the +14 obsidian axe (weapon) {vorpal, Mesm Drain Fly SInv}
   (You found it in the Dungeon)

   It inflicts extra damage upon your enemies.
   It occasionally summons demons to assist the wielder when it strikes in
   combat.
   Its wielder is mesmerised by any visible foes.
   It cannot be unequipped while any foes are visible.
   SInv:      It lets you see invisible.
   Fly:       It grants you flight.
   Drain:     It drains your maximum health when unequipped.
 P - the +9 staff of Olgreb {rPois∞}
   (You found it in the Dungeon)

   If the wielder is skilled in Evocations, they can envenom those struck by it,
   dealing poison damage which bypasses armour.
   It enhances your poison magic.
   It grants immunity to poison.
   It can be evoked to radiate toxic energy, with effectiveness depending on
   Evocations skill.
Armour
 z - the +18 shield of the Gong (worn) {rElec rN+ Will+ EV-5}
   (You found it in the Dungeon)

   It is deafeningly noisy when blocking attacks.
   EV:        It affects your evasion (-5).
   rElec:     It insulates you from electricity.
   rN:        It protects you from negative energy.
   Will:      It increases your willpower.
 L - an orb of light
Jewellery
 a - the ring "Gaohixeluh" (on tentacle) {rF+ EV+4 Dex+4 SInv}
   (You found it in the Dungeon)

   [ring of evasion]

   EV:        It affects your evasion (+4).
   Dex:       It affects your dexterity (+4).
   rF:        It protects you from fire.
   SInv:      It lets you see invisible.
 m - the ring "Sufen" (on tentacle) {rF- Will+ rCorr Dex+4}
   (You found it in the Dungeon)

   [ring of resist corrosion]

   Dex:       It affects your dexterity (+4).
   rF:        It makes you vulnerable to fire.
   rCorr:     It protects you from acid and corrosion.
   Will:      It increases your willpower.
 r - a +4 ring of protection
 t - the ring "Siviat Etto" {+Blink rF+ rC- Will+}
   (You found it in the Dungeon)

   [ring of protection from fire]

   rF:        It protects you from fire.
   rC:        It makes you vulnerable to cold.
   +Blink:    It lets you blink.
   Will:      It increases your willpower.
 u - the ring "Xuppuam" {Fire rPois Dex+4}
   (You found it in the Dungeon)

   [ring of fire]

   It enhances your fire magic.
   Dex:       It affects your dexterity (+4).
   rF:        It protects you from fire.
   rC:        It makes you vulnerable to cold.
   rPois:     It protects you from poison.
 A - the ring of the Thoughtful Mice {rC+ rCorr}
   (You found it in the Dungeon)

   [ring of protection from cold]

   rC:        It protects you from cold.
   rCorr:     It protects you from acid and corrosion.
 B - the brooch of Shielding (around mantle) {Spirit SH+8}
   (You found it in the Dungeon)

   [amulet of guardian spirit]

   It causes incoming damage to be divided between your reserves of health and
   magic.
   SH:        It affects your SH (+8).
 C - the ring of Ponady (on tentacle) {Will+ Int+5 Dex-3 Slay+5}
   (You found it in the Dungeon)

   [ring of willpower]

   Int:       It affects your intelligence (+5).
   Dex:       It affects your dexterity (-3).
   Slay:      It affects your accuracy & damage with ranged weapons and melee
   (+5).
   Will:      It increases your willpower.
 F - the ring of Tuvvu (right tentacle) {rC+ Int+2 SInv}
   (You found it in the Dungeon)

   [ring of see invisible]

   Int:       It affects your intelligence (+2).
   rC:        It protects you from cold.
   SInv:      It lets you see invisible.
 G - the ring of Okipudde (on tentacle) {rN+ AC+4}
   (You found it in the Dungeon)

   [ring of protection]

   AC:        It affects your AC (+4).
   rN:        It protects you from negative energy.
 H - a +4 ring of slaying
 I - a +4 ring of protection
 K - the ring of the Five Leylines (on tentacle) {rPois Str+6 Slay+6 Stlth+}
   (You found it in the Dungeon)

   [ring of strength]

   Str:       It affects your strength (+6).
   Slay:      It affects your accuracy & damage with ranged weapons and melee
   (+6).
   rPois:     It protects you from poison.
   Stlth:     It makes you more stealthy.
 N - the ring "Zajug" (left tentacle) {rF+ EV+4}
   (You found it in the Dungeon)

   [ring of evasion]

   EV:        It affects your evasion (+4).
   rF:        It protects you from fire.
 O - the ring of the Present {rN+ Slay+4 SInv Stlth+}
   (You found it in the Dungeon)

   [ring of slaying]

   Slay:      It affects your accuracy & damage with ranged weapons and melee
   (+4).
   rN:        It protects you from negative energy.
   SInv:      It lets you see invisible.
   Stlth:     It makes you more stealthy.
 Q - the ring of Wishful Thinking (on tentacle) {rN+ Will+}
   (You found it in the Dungeon)

   [ring of willpower]

   rN:        It protects you from negative energy.
   Will:      It increases your willpower.
Scrolls
 g - 4 scrolls of blinking
 k - 12 scrolls of enchant armour
 n - 7 scrolls of fog
 o - 3 scrolls of holy word
 p - 5 scrolls of identify
 q - 2 scrolls of fear
 s - 8 scrolls of enchant weapon
 D - 4 scrolls of brand weapon
Potions
 b - 10 potions of curing
 c - 14 potions of heal wounds
 d - 11 potions of haste
 e - 5 potions of magic
 f - 3 potions of berserk rage
 h - 2 potions of brilliance
 i - a potion of invisibility
 j - 2 potions of resistance
 l - 3 potions of might
Miscellaneous
 E - a phantom mirror
 J - a box of beasts
 M - a box of beasts


   Skills:
 O Level 27 Fighting
 O Level 27 Axes
 + Level 23.9(27) Maces & Flails
 + Level 23.9(27) Polearms
 O Level 27 Dodging
 - Level 2.6 Stealth
 O Level 27 Shields
 + Level 22.2 Spellcasting
 O Level 27 Invocations
 O Level 27 Evocations


You had 64 spell levels left.
You didn't know any spells.
Your spell library contained the following spells:

 Spells                   Type           Power      Damage    Failure   Level
 Animate Skeleton         Necr           42%        N/A       2%          1
 Freeze                   Ice            84%        1d10      2%          1
 Magic Dart               Conj           84%        1d7       2%          1
 Pain                     Necr           84%        1d8       2%          1
 Sandblast                Erth           42%        2d11      2%          1
 Shock                    Conj/Air       84%        1d8       2%          1
 Slow                     Hex            84%        N/A       2%          1
 Sting                    Tmut/Pois      84%        1d7       2%          1
 Summon Small Mammal      Summ           84%        N/A       2%          1
 Corpse Rot               Necr/Air       42%        N/A       3%          2
 Ensorcelled Hibernation  Hex/Ice        42%        N/A       3%          2
 Passwall                 Tmut/Erth      17%        N/A       3%          2
 Poisonous Vapours        Pois/Air       42%        N/A       3%          2
 Scorch                   Fire           42%        2d7       3%          2
 Searing Ray              Conj           42%        2d6       3%          2
 Static Discharge         Conj/Air       21%        N/A       3%          2
 Confusing Touch          Hex            21%        N/A       6%          3
 Conjure Flame            Conj/Fire      21%        6-21      6%          3
 Frozen Ramparts          Ice            42%        1d6       6%          3
 Gell's Gravitas          Tloc           21%        N/A       6%          3
 Ignite Poison            Fire/Tmut/Pois 21%        N/A       6%          3
 Inner Flame              Hex/Fire       21%        N/A       6%          3
 Lesser Beckoning         Tloc           21%        N/A       6%          3
 Mephitic Cloud           Conj/Pois/Air  21%        N/A       6%          3
 Ozocubu's Armour         Ice            21%        N/A       6%          3
 Portal Projectile        Hex/Tloc       42%        N/A       6%          3
 Spider Form              Tmut/Pois      21%        N/A       6%          3
 Stone Arrow              Conj/Erth      42%        3d9       6%          3
 Summon Guardian Golem    Hex/Summ       21%        N/A       6%          3
 Swiftness                Air            21%        N/A       6%          3
 Teleport Other           Tloc           21%        N/A       6%          3
 Tukima's Dance           Hex            21%        N/A       6%          3
 Vampiric Draining        Necr           21%        2d7       6%          3
 Airstrike                Air            10%        N/A       22%         4
 Animate Dead             Necr           10%        N/A       22%         4
 Dispel Undead            Necr           21%        3d11      22%         4
 Flame Wave               Conj/Fire      21%        2d6       22%         4
 Fulminant Prism          Conj/Hex       10%        3d9       22%         4
 Hailstorm                Conj/Ice       21%        3d6       22%         4
 Ice Form                 Ice/Tmut       21%        N/A       22%         4
 Iskenderun's Mystic Bla  Conj/Tloc      21%        2d6       22%         4
 Leda's Liquefaction      Hex/Erth       10%        N/A       22%         4
 Olgreb's Toxic Radiance  Pois           21%        N/A       22%         4
 Petrify                  Tmut/Erth      21%        N/A       22%         4
 Sticky Flame             Conj/Fire      21%        2d4       22%         4
 Summon Ice Beast         Ice/Summ       21%        N/A       22%         4
 Summon Lightning Spire   Summ/Air       21%        N/A       22%         4
 Alistair's Intoxication  Tmut/Pois      14%        N/A       52%         5
 Blade Hands              Tmut           10%        N/A       52%         5
 Borgnjor's Vile Clutch   Necr/Erth      10%        N/A       52%         5
 Fireball                 Conj/Fire      10%        3d6       52%         5
 Freezing Cloud           Conj/Ice/Air   10%        6-21      52%         5
 Irradiate                Conj/Tmut      10%        3d17      52%         5
 Iskenderun's Battlesphe  Conj           21%        2d7       52%         5
 Lee's Rapid Deconstruct  Erth           10%        3d9*      52%         5
 Lightning Bolt           Conj/Air       10%        1d23      52%         5
 Metabolic Englaciation   Hex/Ice        10%        N/A       52%         5
 Summon Forest            Summ/Tloc      10%        N/A       52%         5
 Summon Mana Viper        Hex/Summ       21%        N/A       52%         5
 Yara's Violent Unravell  Hex/Tmut       10%        3d6       52%         5
 Conjure Ball Lightning   Conj/Air       10%        3x3d6     97%         6
 Death Channel            Necr           10%        N/A       97%         6
 Dispersal                Tloc           10%        N/A       97%         6
 Eringya's Noxious Bog    Tmut/Pois      10%        N/A       97%         6
 Iron Shot                Conj/Erth      10%        9d3       97%         6
 Simulacrum               Ice/Necr       10%        N/A       97%         6
 Starburst                Conj/Fire      10%        6d5       97%         6
 Statue Form              Tmut/Erth      14%        N/A       97%         6
 Summon Cactus Giant      Summ           10%        N/A       97%         6
 Dragon Form              Tmut           10%        N/A       100%        7
 Enfeeble                 Hex            10%        N/A       100%        7
 Haunt                    Necr/Summ      10%        N/A       100%        7
 Malign Gateway           Summ/Tloc      10%        N/A       100%        7
 Orb of Destruction       Conj           10%        9d5       100%        7
 Ozocubu's Refrigeration  Ice            10%        4d7       100%        7
 Spellforged Servitor     Conj/Summ      10%        N/A       100%        7
 Storm Form               Tmut/Air       10%        N/A       100%        7
 Summon Hydra             Summ           10%        N/A       100%        7
 Discord                  Hex            10%        N/A       100%        8
 Disjunction              Tloc           10%        N/A       100%        8
 Ignition                 Fire           10%        3d5       100%        8
 Infestation              Necr           10%        N/A       100%        8
 Lehudib's Crystal Spear  Conj/Erth      10%        10d4      100%        8
 Maxwell's Capacitive Co  Air            10%        ∞         100%        8
 Necromutation            Tmut/Necr      10%        N/A       100%        8
 Chain Lightning          Conj/Air       10%        3d14      100%        9
 Dragon's Call            Summ           10%        N/A       100%        9
 Polar Vortex             Ice            10%        N/A       100%        9
 Shatter                  Erth           10%        3d12*     100%        9
 Animate Armour           Summ/Erth      Unusable   N/A       N/A         4

Dungeon Overview and Level Annotations

Branches:
Dungeon (1/1)

Altars:
Ashenzari
Cheibriados
Dithmenos
Elyvilon
Fedhas
Gozag
Hepliaklqana
Kikubaaqudgha
Makhleb
Nemelex Xobeh
Okawaru
Qazlal
Ru
Sif Muna
Trog
Uskayaw
Vehumet
Wu Jian
Xom
Yredelemnul
Zin
The Shining One
Beogh
Jiyva
Lugonu


Innate Abilities, Weirdness & Mutations

You cannot wear most types of armour.
You are amphibious.
You can wear up to eight rings at the same time.
Your skin changes colour to match your surroundings (Stealth+).
Your rubbery body absorbs attacks. (AC +1, EV +1)
((You are camouflaged when in or above water. (Stealth+)))
You have tentacles for arms and can constrict up to eight enemies at once.


Message History

You start resting.
You start resting.
Unknown command.
Unknown command.
You start resting.
You start resting.
Unknown command.
Unknown command.
You start resting.
You start resting.
Unknown command.
You start resting.
Unknown command.
You start resting.
Unknown command.
You start resting.
Unknown command.
You start resting.
Unknown command.
You start resting.
Unknown command.
You start resting.
Unknown command.
You start resting.
Unknown command.
You start resting.
Unknown command.
You start resting.
Unknown command.
You start resting.
Unknown command.
You start resting.
Unknown command.
You start resting.
Unknown command.
You start resting.
HP restored.
Unknown command.
You can't go down here!
You have escaped!

............▓.............▓..†8©8
............▓..▓.......▓..▓....|)
............▓.............▓...}[|
............▓.............▓.....)
...†........▓......©......▓......
............▓▓▓▓▓▓▓▓▓▓▓▓▓▓▓......
▓.......▓...▓8888888888888▓......
▓▓.....▓▓▓..▓8..°.○)))...8▓..▓...
▓.......▓...▓8§.@°.)))©..8▓.▓....
............▓8.°.).).....8▓....©.
....©.......▓8888888888888▓▓▓▓▓▓▓
▓▓▓▓▓▓▓▓▓▓▓▓▓▓▓▓▓▓▓▓▓▓▓▓▓▓▓▓▓▓▓▓▓
...[.8©8........▓........8©8.....
|=†}.)=||))[.[).▓.}=..))...))....
..))...|...|.[|.▓.)).))...:[:[|[[
....[...........▓.}})|..:.).))...
...........}[.†.▓....†.).).†)†)..


There were no monsters in sight!

Vanquished Creatures
  A seraph (D)
  An ancient lich (D)
  A juggernaut (shapeshifter) (D)
  5 pandemonium lords (D)
  4 shard shrikes (D)
  A shard shrike (shapeshifter) (D)
  A caustic shrike (D)
  2 bone dragons (D)
  2 profane servitors (D)
  2 Brimstone Fiends (D)
  4 pearl dragons (D)
  A glowing shapeshifter (D)
  2 doom hounds (D)
  2 Tzitzimimeh (D)
  A Hell Sentinel (D)
  11 Ice Fiends (D)
  A tainted leviathan (D)
  3 liches (D)
  10 Orb Guardians (D)
  A deep elf blademaster (D)
  3 titans (shapeshifter) (D)
  2 deep elf master archers (D)
  6 quicksilver dragons (D)
  2 tentacled starspawn (D)
  An acid blob (shapeshifter) (D)
  12 ancient champions (D)
  2 Executioners (D)
  6 shadow dragons (D)
  3 rockslimes (shapeshifter) (D)
  7 narguns (D)
  A frost giant (D)
  A fire giant (D)
  2 azure jellies (D)
  5 iron dragons (D)
  4 balrugs (D)
  10 daevas (D)
  2 emperor scorpions (D)
  2 orc warlords (D)
  2 ghost moths (D)
  8 angels (D)
  6 ghouls (D)
  A reaper (D)
  A demonspawn corrupter (D)
  A deep elf elementalist (D)
  3 spriggan defenders (D)
  9 stone giants (D)
  A demonspawn blood saint (D)
  An ironbound preserver (D)
  A broodmother (D)
  2 war gargoyles (D)
  2 vampire knights (D)
  An eleionoma (shapeshifter) (D)
  An ophan (D)
  2 apis (D)
  A very ugly thing (D)
  A lorocyproca (D)
  5 starcursed masses (D)
  2 putrid mouths (D)
  2 deep elf annihilators (D)
  5 wendigos (D)
  A black draconian (D)
  A purple draconian (D)
  10 iron golems (D)
  5 crystal guardians (D)
  2 green deaths (D)
  A yaktaur captain (D)
  A great orb of eyes (D)
  2 blizzard demons (D)
  3 fire dragons (D)
  2 deep elf high priests (D)
  10 spriggan air magi (D)
  A rakshasa (D)
  2 hell beasts (D)
  2 vault guards (D)
  A boulder beetle (D)
  4 hydras (D)
  An alligator snapping turtle (shapeshifter) (D)
  2 jorogumos (D)
  A radroach (D)
  3 two-headed ogres (D)
  2 two-headed ogres (shapeshifter) (D)
  3 dancing weapons (D)
  2 anacondas (shapeshifter) (D)
  An alligator (shapeshifter) (D)
  A satyr (shapeshifter) (D)
  2 thrashing horrors (D)
  A shock serpent (shapeshifter) (D)
  2 vampire magi (D)
  7 spriggan berserkers (D)
  14 sun demons (D)
  5 hell hogs (D)
  2 wretched stars (D)
  An orc high priest (D)
  14 soul eaters (D)
  3 deep elf knights (D)
  2 crystal echidnas (D)
  5 cherubim (D)
  2 fire crabs (shapeshifter) (D)
  A sixfirhy (D)
  A pharaoh ant (D)
  2 sun moths (D)
  A steelbarb worm (shapeshifter) (D)
  A sea snake (shapeshifter) (D)
  A spriggan druid (D)
  A death drake (shapeshifter) (D)
  4 steelbarb worms (D)
  An orb spider (D)
  2 shadow demons (D)
  A glowing orange brain (shapeshifter) (D)
  2 deep elf archers (D)
  An orb spider (shapeshifter) (D)
  An orc knight (D)
  3 wolf spiders (shapeshifter) (D)
  A necromancer (D)
  A cyclops (D)
  6 draconians (D)
  A cyclops (shapeshifter) (D)
  A manticore (shapeshifter) (D)
  A shining eye (shapeshifter) (D)
  6 moths of wrath (D)
  A moth of wrath (shapeshifter) (D)
  An elephant (D)
  5 toenail golems (D)
  3 black mambas (D)
  2 apocalypse crabs (D)
  An eye of devastation (shapeshifter) (D)
  6 gargoyles (D)
  A naga mage (D)
  A black mamba (shapeshifter) (D)
  2 orange demons (D)
  A water nymph (shapeshifter) (D)
  2 torpor snails (D)
  2 rust devils (D)
  An eye of devastation (D)
  3 cane toads (D)
  6 smoke demons (D)
  5 efreet (D)
  6 hellions (D)
  A demonic crawler (D)
  A komodo dragon (shapeshifter) (D)
  4 ice devils (D)
  6 komodo dragons (D)
  5 hellwings (D)
  2 tormentors (D)
  2 red devils (D)
  2 trolls (shapeshifter) (D)
  5 trolls (D)
  4 meliai (D)
  4 hornets (D)
  A hornet (shapeshifter) (D)
  3 polar bears (D)
  A polar bear (shapeshifter) (D)
  A tarantella (shapeshifter) (D)
  A raiju (D)
  A culicivora (D)
  A jumping spider (shapeshifter) (D)
  5 jumping spiders (D)
  A culicivora (shapeshifter) (D)
  A flying skull (D)
  8 small abominations (D)
  5 yaks (D)
  A ynoxinul (D)
  3 shadows (D)
  A basilisk (D)
  A spriggan (shapeshifter) (D)
  10 large abominations (D)
  A vampire (D)
  A fire bat (D)
  A fire elemental (D)
  4 chaos spawn (D)
  3 neqoxecs (D)
  A redback (shapeshifter) (D)
  A warg (shapeshifter) (D)
  A naga (D)
  6 hell hounds (D)
  16 water moccasins (D)
  3 floating eyes (shapeshifter) (D)
  5 orc warriors (D)
  3 necrophages (D)
  7 ogres (D)
  2 wolves (D)
  A tengu (shapeshifter) (D)
  3 bullfrogs (D)
  8 earth elementals (D)
  7 wights (D)
  A quasit (D)
  An iron imp (D)
  A jelly (D)
  An iguana (D)
  4 adders (D)
  A river rat (D)
  A shadow imp (D)
  A white imp (D)
  4 ufetubi (D)
  A spectral adder (D)
  An adder zombie (D)
  3 adder skeletons (D)
  An adder simulacrum (D)
  3 spectral bats (D)
  4 bat skeletons (D)
  9 bat zombies (D)
  A jackal (D)
  4 ball pythons (D)
  3 ball python skeletons (D)
  3 ball python zombies (D)
  3 giant cockroach zombies (D)
  2 jackal skeletons (D)
  5 quokka zombies (D)
  2 spectral ball pythons (D)
  A spectral giant cockroach (D)
  3 ball lightnings (D)
  A fire vortex (D)
  A lurking horror (D)
  A starspawn tentacle (D)
620 creatures vanquished.

Vanquished Creatures (collateral kills)
  A Hell Sentinel (D)
  An Orb Guardian (D)
  A lich (D)
  A stone giant (D)
  2 yaktaur captains (D)
  A hell beast (D)
  A draconian (D)
  A basilisk (D)
  A chaos spawn (D)
10 creatures vanquished.

Vanquished Creatures (others)
  A shard shrike (D)
  A pandemonium lord (D)
  A Brimstone Fiend (D)
  2 Tzitzimimeh (D)
  3 Ice Fiends (D)
  A deep elf blademaster (D)
  A balrug (D)
  A reaper (D)
  2 cacodemons (D)
  A demonspawn corrupter (D)
  A lorocyproca (D)
  A blizzard demon (D)
  A hell beast (D)
  3 hell hogs (D)
  2 soul eaters (D)
  A sun demon (D)
  3 sixfirhies (D)
  2 shadow demons (D)
  2 toenail golems (D)
  2 rust devils (D)
  A smoke demon (D)
  2 hellions (D)
  2 tormentors (D)
  An efreet (D)
  3 red devils (D)
  A raiju (D)
  17 large abominations (D)
  2 ynoxinuls (D)
  8 golden eyes (D)
  2 neqoxecs (D)
  2 small abominations (D)
  An earth elemental (D)
  A rat (D)
  3 ball lightnings (D)
  A starspawn tentacle (D)
79 creatures vanquished.

Grand Total: 709 creatures vanquished

Notes
Turn   | Place    | Note
-------+----------+-------------------------------------------
     0 | D        | HallandMoats the Octopode Monk began the quest for the Orb.
     0 | D        | Reached XP level 1. HP: 16/16 MP: 1/1
     0 | D        | Found a shimmering blue altar of Sif Muna.
     0 | D        | Found a sacrificial altar of Ru.
     0 | D        | Found a bloodstained altar of Trog.
     0 | D        | Found a stormy altar of Qazlal.
     0 | D        | Found an iron altar of Okawaru.
     0 | D        | Found a sparkling altar of Nemelex Xobeh.
     0 | D        | Found a blossoming altar of Fedhas.
     0 | D        | Found the +6 Majin-Bo {vamp, MP+6 Int+6}
     0 | D        | Found the +9 heavy crossbow "Sniper" {vorpal, Acc+∞ SInv}
     0 | D        | Found the +10 dark maul {vorpal}
     0 | D        | Found the +15 Maxwell's patent armour {-Cast -Tele rElec
                  | Will+ rCorr}
     0 | D        | Found the +18 shield of the Gong {rElec rN+ Will+ EV-5}
     0 | D        | Found the +14 obsidian axe {vorpal, Mesm Drain Fly SInv}
     0 | D        | Found the +7 great mace "Firestarter" {inner flame, rF++}
     0 | D        | Found the +6 shillelagh "Devastator" {shatter}
     0 | D        | Found the +11 plutonium sword {Contam Stlth-}
     0 | D        | Found the +8 lance "Wyrmbane" {slay drac, rPois rF+ rC+
                  | AC+3}
     0 | D        | Found the +9 sword of Zonguldrok {reap}
     0 | D        | Found the +13 scythe of Curses {drain, Drain}
     0 | D        | Found the +5 sword of Power {vorpal}
     0 | D        | Found the +7 mace of Variability {chain chaos}
     0 | D        | Found the +7 Singing Sword {vorpal, sonic wave}
     0 | D        | Found the +8 storm bow {elec, penet}
     2 | D        | Found a transporter.
     2 | D        | Found an ancient bone altar of Kikubaaqudgha.
     2 | D        | Found a viscous altar of Jiyva.
     2 | D        | Found a corrupted altar of Lugonu.
     2 | D        | Found a hazy altar of Hepliaklqana.
     2 | D        | Found a burning altar of Makhleb.
     2 | D        | Found an opulent altar of Gozag.
    48 | D        | Became a worshipper of Qazlal Stormbringer
    48 | D        | Reached * piety under Qazlal
    48 | D        | Reached ** piety under Qazlal
    55 | D        | Reached XP level 2. HP: 21/21 MP: 1/7
   116 | D        | Entered arena 2.
   116 | D        | Found a transporter.
   159 | D        | Entered arena 3.
   159 | D        | Noticed a water moccasin
   159 | D        | Noticed a water moccasin
   159 | D        | Found a transporter.
   163 | D        | Killed a water moccasin
   163 | D        | Reached *** piety under Qazlal
   164 | D        | Reached XP level 3. HP: 18/27 MP: 9/9
   164 | D        | Reached XP level 4. HP: 23/34 MP: 10/10
   164 | D        | Reached XP level 5. HP: 26/38 MP: 12/12
   165 | D        | Killed a water moccasin
   166 | D        | Reached skill level 5 in Fighting
   166 | D        | Reached skill level 5 in Axes
   166 | D        | Reached skill level 5 in Dodging
   166 | D        | Reached skill level 10 in Invocations
   166 | D        | Reached XP level 6. HP: 31/45 MP: 13/13
   258 | D        | Entered arena 4.
   258 | D        | Found a transporter.
   261 | D        | Reached **** piety under Qazlal
   267 | D        | Got the ring "Gaohixeluh" {rF+ EV+4 Dex+4 SInv}
   271 | D        | Entered arena 5.
   271 | D        | Found a transporter.
   275 | D        | Reached ***** piety under Qazlal
   281 | D        | Got the Guide on Creative Shape Shifting
   283 | D        | Got the Incunabulum of Flight and Earth
   285 | D        | Entered arena 6.
   285 | D        | Noticed a toenail golem
   285 | D        | Noticed a toenail golem
   285 | D        | Noticed a toenail golem
   285 | D        | Noticed a toenail golem
   285 | D        | Noticed a toenail golem
   285 | D        | Found a transporter.
   289 | D        | Killed a toenail golem
   290 | D        | Reached skill level 5 in Shields
   290 | D        | Reached XP level 7. HP: 51/53 MP: 13/15
   290 | D        | Killed a toenail golem
   291 | D        | Reached XP level 8. HP: 58/60 MP: 13/17
   292 | D        | Killed a toenail golem
   293 | D        | Killed a toenail golem
   294 | D        | Killed a toenail golem
   295 | D        | Reached XP level 9. HP: 60/67 MP: 13/19
   307 | D        | Entered arena 7.
   307 | D        | Noticed a naga mage
   308 | D        | Found a transporter.
   314 | D        | Reached ****** piety under Qazlal
   315 | D        | Killed a naga mage
   323 | D        | Entered arena 8.
   323 | D        | Noticed a komodo dragon
   323 | D        | Noticed a komodo dragon
   323 | D        | Noticed an eight-headed hydra
   324 | D        | Found a transporter.
   325 | D        | Killed an eight-headed hydra
   325 | D        | Killed a komodo dragon
   326 | D        | Reached skill level 15 in Invocations
   326 | D        | Reached XP level 10. HP: 71/74 MP: 9/21
   333 | D        | Got Sif Muna's Handbook of Feathers and the Entourage
   336 | D        | Got the ring "Cisoro" {+Blink SInv}
   537 | D        | Entered arena 9.
   537 | D        | Noticed a vault guard
   537 | D        | Noticed a yaktaur captain
   537 | D        | Noticed a red very ugly thing
   537 | D        | Noticed an ironbound preserver
   537 | D        | Noticed a yaktaur captain
   537 | D        | Noticed a yaktaur captain
   537 | D        | Noticed a vault guard
   538 | D        | Found a transporter.
   539 | D        | Killed an ironbound preserver
   540 | D        | Reached skill level 10 in Fighting
   540 | D        | Reached skill level 10 in Axes
   540 | D        | Reached skill level 10 in Dodging
   542 | D        | Killed a vault guard
   543 | D        | Killed a red very ugly thing
   544 | D        | Reached skill level 10 in Shields
   544 | D        | Killed a vault guard
   545 | D        | Reached XP level 11. HP: 82/82 MP: 14/23
   546 | D        | Killed a yaktaur captain
   549 | D        | Killed a yaktaur captain
   551 | D        | Killed a yaktaur captain
   573 | D        | Entered arena 10.
   574 | D        | Found a transporter.
   587 | D        | Entered arena 11.
   587 | D        | Noticed a draconian
   587 | D        | Noticed a draconian
   587 | D        | Noticed a draconian
   587 | D        | Noticed a purple draconian
   587 | D        | Noticed a draconian
   587 | D        | Noticed a draconian
   587 | D        | Noticed a black draconian
   587 | D        | Noticed a draconian
   587 | D        | Noticed a draconian
   588 | D        | Found a transporter.
   589 | D        | Killed a draconian
   589 | D        | Killed a black draconian
   589 | D        | Killed a draconian
   589 | D        | Killed a draconian
   589 | D        | Killed a purple draconian
   591 | D        | Killed a draconian
   591 | D        | Killed a draconian
   593 | D        | Killed a draconian
   593 | D        | Killed a draconian
   594 | D        | Reached XP level 12. HP: 81/92 MP: 15/25
   598 | D        | Got the Papyrus of Nocuous Ignition
   606 | D        | Got the ring of Tuvvu {rC+ Int+2 SInv}
   637 | D        | Entered arena 12.
   637 | D        | Noticed a shadow dragon
   637 | D        | Noticed a shadow dragon
   637 | D        | Noticed a soul eater
   637 | D        | Noticed a soul eater
   638 | D        | Noticed a soul eater
   639 | D        | Killed a soul eater
   639 | D        | Killed a soul eater
   639 | D        | Killed a soul eater
   640 | D        | Killed a shadow dragon
   640 | D        | Killed a shadow dragon
   642 | D        | Found a transporter.
   648 | D        | Got Qelua's Catalogue of Floating Fire
   654 | D        | Got the ring "Xuppuam" {Fire rPois Dex+4}
   733 | D        | Entered arena 13.
   733 | D        | Noticed a hell hog
   733 | D        | Noticed a fire dragon
   733 | D        | Noticed a hell hog
   733 | D        | Noticed a fire dragon
   733 | D        | Noticed a fire giant
   734 | D        | Noticed a fire dragon
   735 | D        | Killed a fire dragon
   735 | D        | Killed a hell hog
   735 | D        | Killed a hell hog
   736 | D        | Killed a fire dragon
   736 | D        | Killed a fire dragon
   736 | D        | Killed a fire giant
   737 | D        | Found a transporter.
   748 | D        | Got the ring of Okipudde {rN+ AC+4}
   753 | D        | Got the Disquisition on Attacks
   824 | D        | Entered arena 14.
   824 | D        | Noticed a soul eater
   824 | D        | Noticed a soul eater
   824 | D        | Noticed a soul eater
   827 | D        | Killed a soul eater
   827 | D        | Killed a soul eater
   827 | D        | Killed a soul eater
   828 | D        | Reached XP level 13. HP: 101/101 MP: 18/27
   828 | D        | Found a transporter.
   837 | D        | Got Pabarph's Tome of Attacks and the Arsonist
   872 | D        | Entered arena 15.
   872 | D        | Noticed a quicksilver dragon
   872 | D        | Noticed a stone giant
   872 | D        | Noticed an iron golem
   872 | D        | Noticed an iron golem
   873 | D        | Noticed an iron golem
   873 | D        | Noticed a crystal guardian
   873 | D        | Noticed an iron golem
   873 | D        | Noticed a crystal guardian
   874 | D        | Killed a quicksilver dragon
   875 | D        | Killed a stone giant
   875 | D        | Killed a crystal guardian
   875 | D        | Killed a crystal guardian
   875 | D        | Noticed an iron golem
   876 | D        | Killed an iron golem
   878 | D        | Killed an iron golem
   878 | D        | Killed an iron golem
   881 | D        | Killed an iron golem
   882 | D        | Found a transporter.
   892 | D        | Killed an iron golem
   893 | D        | Reached skill level 15 in Dodging
   896 | D        | Got the Reference Book on Flight and Moulding
   915 | D        | Got the Catalogue of the Rocks and Heat
   916 | D        | Entered arena 16.
   916 | D        | Noticed an orc warlord
   917 | D        | Noticed an orc warlord
   917 | D        | Identified the +9 short sword of the Horn {freeze, *Corrode
                  | Dex+4 Stlth+}
   919 | D        | Killed an orc warlord
   919 | D        | Killed an orc warlord
   920 | D        | Reached skill level 15 in Fighting
   920 | D        | Reached skill level 15 in Axes
   920 | D        | Found a transporter.
   931 | D        | Got the Reference Book on the Glacier
   944 | D        | Got the Reference Book on Execration
   959 | D        | Entered arena 17.
   961 | D        | Noticed a frost giant
   961 | D        | Noticed a stone giant
   962 | D        | Noticed a stone giant
   962 | D        | Noticed a stone giant
   964 | D        | Found a transporter.
   972 | D        | Killed a stone giant
   973 | D        | Reached skill level 15 in Shields
   977 | D        | Killed a frost giant
   981 | D        | Killed a stone giant
   982 | D        | Reached XP level 14. HP: 111/112 MP: 29/29
   985 | D        | Killed a stone giant
  1000 | D        | Entered arena 18.
  1002 | D        | Noticed a deep elf master archer
  1002 | D        | Noticed a deep elf master archer
  1003 | D        | Identified the +4 trident of Fear {holy, rPois rC+ rN+}
  1003 | D        | Noticed a deep elf blademaster
  1003 | D        | Noticed a deep elf annihilator
  1003 | D        | Noticed a deep elf annihilator
  1003 | D        | Noticed a deep elf blademaster
  1005 | D        | Found a transporter.
  1011 | D        | Killed a deep elf master archer
  1012 | D        | Killed a deep elf master archer
  1013 | D        | Killed a deep elf blademaster
  1015 | D        | Killed a deep elf annihilator
  1015 | D        | HP: 4/115 [deep elf knight/shard of ice (26)]
  1021 | D        | Killed a deep elf annihilator
  1023 | D        | Killed a deep elf blademaster
  1301 | D        | Entered arena 19.
  1303 | D        | Noticed an ancient champion
  1303 | D        | Noticed an ancient champion
  1303 | D        | Noticed an ancient champion
  1303 | D        | Noticed an ancient champion
  1303 | D        | Noticed an ancient champion
  1303 | D        | Noticed an ancient champion
  1303 | D        | Noticed an ancient champion
  1303 | D        | Noticed a caustic shrike
  1304 | D        | Noticed an ancient champion
  1304 | D        | Noticed a war gargoyle
  1304 | D        | Noticed an ancient champion
  1304 | D        | Noticed an ancient champion
  1304 | D        | Noticed an ancient champion
  1304 | D        | Noticed an ancient champion
  1304 | D        | Noticed a war gargoyle
  1305 | D        | Killed a war gargoyle
  1305 | D        | Killed a war gargoyle
  1305 | D        | Killed a caustic shrike
  1305 | D        | Killed an ancient champion
  1305 | D        | Killed an ancient champion
  1305 | D        | Killed an ancient champion
  1305 | D        | Killed an ancient champion
  1305 | D        | Killed an ancient champion
  1306 | D        | Reached XP level 15. HP: 125/125 MP: 22/31
  1306 | D        | Killed an ancient champion
  1306 | D        | Killed an ancient champion
  1306 | D        | Killed an ancient champion
  1306 | D        | Killed an ancient champion
  1306 | D        | Killed an ancient champion
  1306 | D        | Killed an ancient champion
  1307 | D        | Found the +10 zealot's sword {holy, *Rage rN+ EV+3}
  1308 | D        | Found a transporter.
  1309 | D        | Killed an ancient champion
  1321 | D        | Got Ogunos's Disquisition on Bewitching Toxins
  1384 | D        | Entered arena 20.
  1391 | D        | Noticed an ancient lich
  1392 | D        | Found the +7 pair of quick blades "Gyre" and "Gimble"
                  | {protect}
  1392 | D        | Identified the +8 great mace "Ganeuc" {drain, rC+++ Str+5
                  | Int-3}
  1392 | D        | Identified the +9 battleaxe of a bailey {pain, +Blink rN+
                  | Str-4 Int+3}
  1392 | D        | Identified the +5 leather armour "Misea" {-Tele Str+2
                  | Int+5}
  1395 | D        | Found a transporter.
  1401 | D        | Killed an ancient lich
  1402 | D        | Reached skill level 27 in Invocations
  1416 | D        | Got Sif Muna's Grimoire of Attacks and Transmigration
  1418 | D        | Got the Collected Works on Poisonous Hexes
  1444 | D        | Entered arena 21.
  1447 | D        | Noticed a pearl dragon
  1447 | D        | Noticed an angel
  1447 | D        | Noticed an angel
  1448 | D        | Noticed a pearl dragon
  1448 | D        | Noticed a pearl dragon
  1448 | D        | Noticed a daeva
  1448 | D        | Noticed an angel
  1448 | D        | Noticed a daeva
  1448 | D        | Noticed a daeva
  1448 | D        | Identified the +1 leather armour of Supple Strength {Dex+4}
  1449 | D        | Noticed an angel
  1449 | D        | Killed a pearl dragon
  1449 | D        | Killed an angel
  1449 | D        | Killed a pearl dragon
  1449 | D        | Killed an angel
  1449 | D        | Killed a daeva
  1449 | D        | Killed a pearl dragon
  1449 | D        | Killed a daeva
  1449 | D        | Noticed a daeva
  1449 | D        | Noticed a daeva
  1450 | D        | Noticed an angel
  1450 | D        | Noticed a daeva
  1450 | D        | Noticed a daeva
  1451 | D        | Killed an angel
  1451 | D        | Killed a daeva
  1451 | D        | Noticed a daeva
  1452 | D        | Killed a daeva
  1452 | D        | Killed an angel
  1452 | D        | Killed a daeva
  1452 | D        | Killed a pearl dragon
  1452 | D        | Killed an angel
  1452 | D        | Killed a daeva
  1452 | D        | Killed a daeva
  1453 | D        | Reached XP level 16. HP: 119/140 MP: 4/33
  1454 | D        | Found a transporter.
  1457 | D        | Killed a daeva
  1469 | D        | Killed a daeva
  1485 | D        | Got the ring of the Five Leylines {rPois Str+6 Slay+6
                  | Stlth+}
  1906 | D        | Entered arena 22.
  1909 | D        | Noticed an Ice Fiend
  1909 | D        | Noticed an azure jelly
  1910 | D        | Noticed an azure jelly
  1910 | D        | Noticed a shard shrike
  1910 | D        | Noticed an Ice Fiend
  1910 | D        | Noticed an Ice Fiend
  1910 | D        | Noticed a shard shrike
  1911 | D        | Killed an azure jelly
  1911 | D        | Killed an Ice Fiend
  1911 | D        | Killed an Ice Fiend
  1911 | D        | Killed a shard shrike
  1911 | D        | Killed an azure jelly
  1911 | D        | Killed an Ice Fiend
  1911 | D        | Killed an Ice Fiend
  1911 | D        | Killed an Ice Fiend
  1911 | D        | Killed an Ice Fiend
  1912 | D        | Noticed an Ice Fiend
  1912 | D        | Noticed a shard shrike
  1912 | D        | Noticed an Ice Fiend
  1912 | D        | Noticed a shard shrike
  1913 | D        | Noticed a shard shrike
  1916 | D        | Killed a shard shrike
  1920 | D        | Killed a shard shrike
  1920 | D        | Killed a shard shrike
  1922 | D        | Killed a shard shrike
  1923 | D        | Reached XP level 17. HP: 133/152 MP: 22/34
  1923 | D        | Found a transporter.
  1926 | D        | Killed an Ice Fiend
  1927 | D        | Killed an Ice Fiend
  1958 | D        | Got the Grimoire of the Escort
  1986 | D        | Entered arena 23.
  1990 | D        | Noticed a quicksilver dragon
  1991 | D        | Noticed a quicksilver dragon
  1991 | D        | Noticed a quicksilver dragon
  1992 | D        | Noticed a quicksilver dragon
  1993 | D        | Killed a quicksilver dragon
  1993 | D        | Killed a quicksilver dragon
  1994 | D        | Killed a quicksilver dragon
  1994 | D        | Killed a quicksilver dragon
  1994 | D        | Killed a quicksilver dragon
  2000 | D        | Found a transporter.
  2017 | D        | Reached skill level 27 in Fighting
  2030 | D        | Got Valenes's Compendium of Confrontation
  2229 | D        | Entered arena 24.
  2235 | D        | Found the brooch of Shielding {Spirit SH+8}
  2253 | D        | Found a transporter.
  2270 | D        | Got the Grimoire of Moulding and Feathers
  2273 | D        | Got Haacimyank's Guide on Dislocation and Attacks
  2283 | D        | Got the amulet "Bushuz" {Faith +Blink Int+6 Stlth+}
  2290 | D        | Got the ring "Sufen" {rF- Will+ rCorr Dex+4}
  2294 | D        | Got the ring "Zajug" {rF+ EV+4}
  2351 | D        | Entered arena 25.
  2357 | D        | Noticed a doom hound
  2357 | D        | Noticed a doom hound
  2357 | D        | Noticed a Tzitzimitl
  2358 | D        | Noticed a bone dragon
  2358 | D        | Noticed a tainted leviathan
  2358 | D        | Noticed a bone dragon
  2359 | D        | Killed a Tzitzimitl
  2359 | D        | Killed a doom hound
  2360 | D        | Reached skill level 27 in Dodging
  2360 | D        | Reached skill level 27 in Shields
  2360 | D        | Reached XP level 18. HP: 163/163 MP: 25/35
  2360 | D        | Killed a bone dragon
  2360 | D        | Killed a bone dragon
  2360 | D        | Killed a doom hound
  2360 | D        | Killed a tainted leviathan
  2360 | D        | Noticed a profane servitor
  2361 | D        | Reached skill level 27 in Axes
  2363 | D        | Found a transporter.
  2365 | D        | Killed a profane servitor
  2366 | D        | Reached skill level 5 in Maces & Flails
  2366 | D        | Reached skill level 5 in Polearms
  2438 | D        | Entered arena 26.
  2445 | D        | Noticed a shard shrike
  2446 | D        | Noticed a shard shrike
  2447 | D        | Noticed a titan
  2447 | D        | Noticed a titan
  2447 | D        | Noticed a titan
  2447 | D        | Noticed a titan
  2447 | D        | Noticed a juggernaut
  2447 | D        | a titan changed into a juggernaut
  2447 | D        | Noticed a juggernaut
  2447 | D        | a titan changed into a juggernaut
  2447 | D        | a shard shrike changed into a rockslime
  2448 | D        | Killed a titan
  2448 | D        | Noticed a titan
  2449 | D        | Reached skill level 10 in Maces & Flails
  2449 | D        | Reached skill level 10 in Polearms
  2449 | D        | Killed a titan
  2449 | D        | Noticed a shard shrike
  2450 | D        | Reached skill level 10 in Spellcasting
  2450 | D        | Killed a juggernaut
  2450 | D        | Killed a titan
  2450 | D        | Killed a shard shrike
  2450 | D        | a juggernaut changed into an acid blob
  2452 | D        | Noticed a caustic shrike
  2452 | D        | a shard shrike changed into a caustic shrike
  2453 | D        | a caustic shrike changed into a shadow dragon
  2454 | D        | Found a transporter.
  2454 | D        | Found the +4 skin of Zhor {*Englaciate rC+++ SInv}
  2459 | D        | Reached XP level 19. HP: 169/170 MP: 4/36
  2495 | D        | Got the ring of the Thoughtful Mice {rC+ rCorr}
  2614 | D        | Entered arena 27.
  2626 | D        | Reached skill level 1 in Evocations
  2628 | D        | Reached skill level 15 in Maces & Flails
  2628 | D        | Reached skill level 15 in Polearms
  2631 | D        | Found a transporter.
  2647 | D        | Got the ring of Ponady {Will+ Int+5 Dex-3 Slay+5}
  2836 | D        | Entered arena 28.
  2847 | D        | Reached skill level 15 in Spellcasting
  2847 | D        | Reached skill level 15 in Evocations
  2848 | D        | Found the +6 arbalest "Damnation" {damnation}
  2848 | D        | Found the +9 staff of Olgreb {rPois∞}
  2853 | D        | Found a transporter.
  2863 | D        | Found the +7 Spriggan's Knife {stab, EV+4 Stlth+}
  2865 | D        | Got the ring "Siviat Etto" {+Blink rF+ rC- Will+}
  2868 | D        | Got Sif Muna's Last Secrets of Spellcasting
  2877 | D        | Got Voekinuo's Collected Works on Calling
  2899 | D        | Got the ring of the Present {rN+ Slay+4 SInv Stlth+}
  2906 | D        | Got the ring of Wishful Thinking {rN+ Will+}
  2975 | D        | Got the Orb of Zot
  4710 | D        | Noticed an Ice Fiend
  4714 | D        | Killed an Ice Fiend
  5769 | D        | Noticed an Ice Fiend
  5775 | D        | Killed an Ice Fiend
  5846 | D        | Noticed a Tzitzimitl
  5851 | D        | Killed a Tzitzimitl
  5884 | D        | Reached XP level 20. HP: 172/177 MP: 41/41
  7272 | D        | Killed a Tzitzimitl
  7442 | D        | Noticed Vugaonwue the pandemonium lord
  7452 | D        | Killed Vugaonwue the pandemonium lord
  7790 | D        | Noticed Ywnub the pandemonium lord
  7797 | D        | Killed Ywnub the pandemonium lord
  8315 | D        | Noticed a profane servitor
  8322 | D        | Killed a profane servitor
  8537 | D        | Noticed Niodeyri the pandemonium lord
  8537 | D        | Noticed a Brimstone Fiend
  8543 | D        | Killed a Brimstone Fiend
  8546 | D        | Killed Niodeyri the pandemonium lord
  8595 | D        | Noticed Ixyfoboi the pandemonium lord
  8612 | D        | Killed Ixyfoboi the pandemonium lord
  9594 | D        | Killed a Brimstone Fiend
 10159 | D        | Killed a Tzitzimitl
 10344 | D        | Noticed Nequplai the pandemonium lord
 10349 | D        | Killed Nequplai the pandemonium lord
 10350 | D        | Reached skill level 27 in Evocations
 10592 | D        | Noticed Eliwowk the pandemonium lord
 10592 | D        | Noticed a Brimstone Fiend
 10597 | D        | Killed a Brimstone Fiend
 10603 | D        | Killed Eliwowk the pandemonium lord
 11252 | D        | Noticed a seraph
 11265 | D        | Killed a seraph
 11270 | D        | Reached XP level 21. HP: 90/183 MP: 25/47
 11503 | D        | Escaped with the Orb!

Illustrated notes

Levels and vault maps discovered:
D:        sprint_v [room_start, room_1, room_2, room_3, room_4, room_5, room_6,
          room_7, room_8, room_9, room_10, room_11, room_12, room_13, room_14,
          room_15, room_16, room_17, room_18, room_19, room_20, room_21,
          room_22, room_23, room_24, room_25, room_26, room_27]

Skill      XL: |  1  2  3  4  5  6  7  8  9 10 11 12 13 14 15 16 17 18 19 20 |
---------------+-------------------------------------------------------------+-----
Invocations    | 8 9 10 11 12 14 15 17 19 21 23 25 27 | 27.0
Fighting       | 4 5 6 7 8 9 10 12 14 16 19 22 25 27 | 27.0
Axes           | 4 5 6 7 8 9 10 12 14 15 17 19 21 24 27 | 27.0
Dodging        | 4 5 6 7 8 9 10 12 14 15 17 20 22 27 | 27.0
Shields        | 2 3 5 6 7 9 10 12 13 15 17 19 22 27 | 27.0
Maces & Flails | 13 19 23 | 23.9
Polearms       | 13 19 23 | 23.9
Spellcasting   | 12 17 22 | 22.2
Evocations     | 20 27 | 27.0
Stealth        | |  2.6

Action                   |  1- 3 |  4- 6 |  7- 9 | 10-12 | 13-15 | 16-18 | 19-21 || total
-------------------------+-------+-------+-------+-------+-------+-------+-------++-------
Melee: Broad axe         |     2 |    12 |    10 |    20 |    43 |    70 |   271 ||   428
       Tentacles         |       |     3 |     5 |     6 |    15 |    27 |    93 ||   149
       Constrict         |       |     2 |     2 |     3 |     3 |    13 |    38 ||    61
Invok: Disaster Area     |       |       |     1 |     7 |    13 |    13 |     4 ||    38
  Use: Potion            |     1 |     2 |       |       |     9 |     9 |     2 ||    23
 Stab: Distracted        |       |       |       |     2 |     1 |     1 |     3 ||     7
       Invisible         |       |       |       |       |       |     2 |       ||     2
Armor: Skin              |     1 |       |       |       |       |       |       ||     1
Dodge: Dodged            |       |     3 |     1 |    10 |    30 |    19 |    34 ||    97
       Repelled          |       |       |     1 |       |       |     1 |     1 ||     3
Block: Kite shield       |     3 |    21 |    16 |    45 |    90 |    91 |   235 ||   501

Table legend: (Time is in decaauts) A = Elapsed time spent in this place. B = Non-inter-level travel time spent in this place. C = Inter-level travel time spent in this place. D = Time resting spent in this place. E = Time spent auto-exploring this place. F = Levels seen in this place. G = Mean time per level. A B C D E F G +--------+--------+--------+--------+--------+-----+--------+ Total | 11292 | 11292 | 0 | 9534 | 0 | 1 | 11292.0 | Dungeon | 11292 | 11292 | 0 | 9534 | 0 | 1 | 11292.0 | +--------+--------+--------+--------+--------+-----+--------+

Top non-repeatable levels by time:
       D: 11292 daAuts
